 Dungeon Crawl Stone Soup version 0.26.1-11-gd32895ea62 (webtiles) character file.

Game seed: 14016518218228246645

52223 MajorAdolf the Prestidigitator (level 14, -1/130 HPs)
             Began as a Naga Wanderer on July 21, 2021.
             Was an Initiate of Gozag.
             Hit by a silver javelin thrown by a minotaur (2 damage)
             ... in a Gauntlet.
             The game lasted 00:52:16 (30857 turns).

MajorAdolf the Prestidigitator (Naga Wanderer)     Turns: 30857, Time: 00:52:16

Health: -1/130     AC: 16    Str: 29    XL:     14   Next: 63%
Magic:  0/14       EV: 13    Int: 16    God:    Gozag
Gold:   2069       SH: 20    Dex: 16    Spells: 13/13 levels left

rFire    + . .     SeeInvis +   C - +9 broad axe
rCold    + . .     Faith    .   t - +1 tower shield
rNeg     + + .     Spirit   +   y - +2 chain mail {rF+}
rPois    +         Reflect  .   S - +1 helmet "Xozugrit" {rN++ Dex+3}
rElec    .         Harm     .   P - +0 cloak {rCorr}
rCorr    +         Rampage  .   M - +1 pair of gloves of the Assorted Seas {*Corrode Str+3 Int+7}
Will     +....     NoTele   +   (no barding)
Stlth    ..........             R - amulet of guardian spirit
HPRegen  0.31/turn              m - ring "Udidd" {rC+ EV+4 Str+5 Int-2 Dex+2}
MPRegen  0.14/turn              n - +4 ring of evasion

@: mighty, corroded, very slightly contaminated, hasted, invisible, quick
A: large, see invisible, deformed body, poison resistance, slowness 2, spit
poison 1, constrict 1, AC +4
a: Spit Poison, Renounce Religion, Potion Petition, Call Merchant, Bribe Branch


You were in a Gauntlet.
You worshipped Gozag.
Gozag was most pleased with you.
You visited 4 branches of the dungeon, and saw 21 of its levels.
You also visited: Gauntlet.

You collected 6691 gold pieces.
You spent 3693 gold pieces at shops.
You paid 929 gold pieces to Gozag.

Inventory:

Hand Weapons
 p - a +2 hand axe of flaming
 C - a +9 broad axe (weapon)
Missiles
 a - 2 throwing nets
Armour
 c - a scarf of repulsion
 t - a +1 tower shield (worn)
 y - a +2 chain mail of fire resistance (worn)
 I - a scarf of invisibility
 J - a +2 crystal plate armour
 M - the +1 pair of gloves of the Assorted Seas (worn) {*Corrode Str+3 Int+7}
   (You bought it in a shop on level 2 of the Orcish Mines)

   It affects your strength (+3).
   It affects your intelligence (+7).
   It may corrode you when you take damage.
 P - a +0 cloak of preservation (worn)
 S - the +1 helmet "Xozugrit" (worn) {rN++ Dex+3}
   (You found it in a Gauntlet)

   It affects your dexterity (+3).
   It greatly protects you from negative energy.
Magical Staves
 O - a cursed staff of death {unknown}
Jewellery
 j - an uncursed ring of resist corrosion
 m - the ring "Udidd" (left hand) {rC+ EV+4 Str+5 Int-2 Dex+2}
   (You bought it in a shop on level 12 of the Dungeon)

   [ring of evasion]

   It affects your evasion (+4).
   It affects your strength (+5).
   It affects your intelligence (-2).
   It affects your dexterity (+2).
   It protects you from cold.
 n - a +4 ring of evasion (right hand)
 R - an amulet of guardian spirit (around neck)
 T - an uncursed ring of fire {unknown}
Wands
 d - a wand of paralysis (3)
 h - a wand of enslavement (5)
 s - a wand of disintegration (2)
 w - a wand of acid (6)
 z - a wand of flame (57)
 Q - a wand of iceblast (5)
 U - a wand of polymorph (6)
Scrolls
 b - 4 scrolls of teleportation
 f - 2 scrolls of blinking
 g - 5 scrolls of immolation
 i - 4 scrolls of fog
 o - 5 scrolls of remove curse
 v - 4 scrolls of fear
 x - 3 scrolls of amnesia
 A - 2 scrolls of vulnerability
Potions
 k - 3 potions of haste
 l - 5 potions of magic
 q - 3 potions of curing
 r - 3 potions of flight
 u - a potion of mutation
 B - 3 potions of attraction
 D - 4 potions of lignification
 E - a potion of resistance
 F - 2 potions of ambrosia
 H - 3 potions of might
 N - a potion of brilliance {unknown}
Miscellaneous
 K - a box of beasts (inert)
 L - a phantom mirror (inert)


   Skills:
 + Level 9.8 Fighting
 + Level 11.9 Axes
 + Level 9.8 Armour
 - Level 1.5 Stealth
 * Level 10.3 Shields
 + Level 12.4 Evocations


You had 13 spell levels left.
You didn't know any spells.
Your spell library contained the following spells:

 Spells                   Type           Power        Failure   Level
 Animate Skeleton         Necr           0%           96%         1
 Apportation              Tloc           0%           96%         1
 Corona                   Hex            0%           96%         1
 Freeze                   Ice            0%           96%         1
 Summon Small Mammal      Summ           0%           96%         1
 Frozen Ramparts          Ice            0%           100%        3
 Ozocubu's Armour         Ice            0%           100%        3
 Hailstorm                Conj/Ice       0%           100%        4
 Summon Ice Beast         Ice/Summ       0%           100%        4


Dungeon Overview and Level Annotations

Branches:
Dungeon (13/15)            Temple (1/1) D:7            Lair (5/6) D:9
 Shoals (0/4) Lair:3        Snake (0/4) Lair:3        Slime (0/5) Lair:5
    Orc (2/2) D:12            Elf (0/3) Orc:2       Gauntlet (1/1)
 Vaults: D:13-14

Altars:
Ashenzari
Cheibriados
Dithmenos
Elyvilon
Fedhas
Gozag
Hepliaklqana
Kikubaaqudgha
Makhleb
Nemelex Xobeh
Okawaru
Qazlal
Ru
Sif Muna
Trog
Uskayaw
Vehumet
Wu Jian
Xom
Yredelemnul
Zin
The Shining One
Beogh

Shops:
D:6 }**(   D:12 =   Orc:2 ![[:

Annotations:
D:10 1 runed translucent door
D:11 2 runed translucent doors, infcreate's ghost, journeyman HuBe Gauntlet 8 transporters, 5 runed translucent doors, exclusion: lightning spire


Innate Abilities, Weirdness & Mutations

You cannot wear boots.
Your serpentine skin is tough. (AC +4)
You have supernaturally acute eyesight. (SInv)
Armour fits poorly on your strangely shaped body.
Your system is resistant to poisons. (rPois)
You cover ground very slowly.
You can spit poison.
You can use your snake-like lower body to constrict enemies.


Message History

You swap places.
Your juvenile batshock beast bursts into living lightning!
The living lightning hits the minotaur!!
Your juvenile batshock beast blinks!
Aiming: Corrosive Bolt
Press: ? - help, Shift-Dir - straight line, f - minotaur
Aim: a minotaur, wielding a +2 demon trident of electrocution, wearing +0 gold dragon scales, wearing the ring "Liruomef" {*Contam rC+++ Will+ Dex+4 Slay+2} and quivering 14 silver javelins (heavily wounded, 11% to evade)
Okay, then.
Aiming: Phantom Mirror
Press: ? - help, Dir - move target, f - minotaur
Aim: a minotaur, wielding a +2 demon trident of electrocution, wearing +0 gold dragon scales, wearing the ring "Liruomef" {*Contam rC+++ Will+ Dex+4 Slay+2} and quivering 14 silver javelins (heavily wounded)
You reflect the minotaur with the mirror!
The mirror clouds!
The minotaur throws a silver javelin.
Your minotaur hits the minotaur but does no damage.
Your minotaur barely misses the minotaur.
You feel better.
The minotaur throws a silver javelin.
The silver javelin pierces through you!
* * * LOW HITPOINT WARNING * * *
You die...
Your body crumbles into a pile of gold.

............PP...∩...............
≈≈#≈≈≈#≈≈≈#..♣P......♣..#≈≈≈#≈≈≈#
≈###≈###≈###...........###≈###≈##
## ### ################# ### ###
.................
#.♣.♣.©.©.©.©.♣.♣.#
#.................
###.#.#######.#.### #.#...@#
...#.# #.#.##.#.##.#.#
#..(..H§...... #.#..##H##..#.
#.#..# .8# # #....# ..# ###8.#
.8# #### H[# .8#


You could see a minotaur, a friendly juvenile batshock beast (summoned) and a
friendly minotaur (summoned, drained).

Vanquished Creatures
  A death ooze (Gauntlet)
  Josephine (Lair:4)
  A centaur warrior (D:12)
  4 hydras
  A two-headed ogre (D:9)
  3 orc high priests (Orc:2)
  A sixfirhy (Gauntlet)
  A deep elf knight (D:13)
  A fire crab (Gauntlet)
  An unseen horror (D:11)
  Pikel (D:8)
  5 orc knights (Orc:2)
  An oklob plant (Lair:1)
  A manticore (D:12)
  7 orc sorcerers
  An ugly thing (D:12)
  3 deep elf magi (D:13)
  A cyclops (D:12)
  4 black mambas
  Maurice (D:8)
  6 elephants (Lair:4)
  A centaur zombie (D:12)
  A torpor snail (Lair:3)
  7 cane toads
  3 gargoyles
  An efreet (D:13)
  3 centaur skeletons
  A kobold demonologist (D:12)
  A yaktaur (D:13)
  3 rime drakes
  4 komodo dragons
  4 trolls
  A hornet (D:11)
  A polar bear (Lair:4)
  4 blink frogs (Lair:4)
  A slime creature (Gauntlet)
  6 wraiths
  A shadow (D:12)
  Sigmund (D:5)
  10 spriggans (Lair:2)
  4 basilisks
  2 fire bats (Gauntlet)
  A wyvern (Lair:4)
  32 yaks
  3 nagas (Lair:3)
  An acid dragon (D:12)
  13 water moccasins
  2 sky beasts
  An eye of draining (D:12)
  4 ice beasts
  20 orc warriors
  3 phantoms
  21 wolves
  15 ogres
  18 centaurs
  4 lemures (D:8)
  5 big kobolds (D:12)
  12 bullfrogs
  A wyvern zombie (D:11)
  3 gnoll sergeants (D:12)
  A water moccasin zombie (D:8)
  5 scorpions
  9 killer bees
  5 wights (D:13)
  2 electric eels (Lair:4)
  7 howler monkeys
  2 bullfrog zombies
  9 jellies
  A quasit (D:7)
  An iron imp (D:9)
  10 hounds
  11 orc priests
  4 bullfrog skeletons
  16 orc wizards
  3 iguanas
  15 worker ants
  A hound zombie (D:10)
  A hound skeleton (D:10)
  A worker ant zombie (D:10)
  14 adders
  5 gnolls
  2 shadow imps
  5 ufetubi
  5 worms
  3 adder skeletons
  2 dart slugs (D:1)
  12 leopard geckos
  55 orcs
  3 ball pythons
  7 giant cockroaches
  9 goblins
  7 hobgoblins
  8 jackals
  8 quokkas
  6 bats
  9 frilled lizards
  A goblin skeleton (D:9)
  A goblin zombie (D:9)
  A hobgoblin zombie (D:9)
  A jackal zombie (D:5)
  12 kobolds
  A kobold skeleton (D:9)
  2 kobold zombies (D:9)
  A leopard gecko zombie (D:7)
  2 orc skeletons (D:9)
  A quokka zombie (D:6)
  9 rats
  A bush (Lair:1)
562 creatures vanquished.

Vanquished Creatures (collateral kills)
  An orc warrior (D:12)
1 creature vanquished.

Vanquished Creatures (others)
  2 centaurs (D:12)
  A bullfrog zombie (D:12)
  An orc priest (Orc:2)
  14 fungi
  51 plants
69 creatures vanquished.

Grand Total: 632 creatures vanquished

Notes
Turn   | Place    | Note
-------+----------+-------------------------------------------
     0 | D:1      | MajorAdolf the Naga Wanderer began the quest for the Orb.
     0 | D:1      | MajorAdolf set off with the following items: a +0 spear, a
                  | scroll of teleportation, a +2 scale mail
     0 | D:1      | Reached XP level 1. HP: 21/21 MP: 1/1
   362 | D:1      | Reached XP level 2. HP: 28/28 MP: 2/2
   899 | D:1      | Reached XP level 3. HP: 34/34 MP: 3/3
  1779 | D:2      | Reached skill level 5 in Armour
  2884 | D:3      | Reached XP level 4. HP: 40/42 MP: 4/4
  3124 | D:3      | Reached skill level 1 in Axes
  3461 | D:3      | Found a shimmering altar of Xom.
  3461 | D:3      | Found a white marble altar of Elyvilon.
  3462 | D:3      | Found a glowing silver altar of Zin.
  3654 | D:3      | Reached XP level 5. HP: 41/49 MP: 5/5
  3888 | D:4      | Reached XP level 6. HP: 52/56 MP: 6/6
  4349 | D:4      | Found an ornate altar of the Wu Jian Council.
  4502 | D:4      | Reached skill level 5 in Axes
  4750 | D:4      | Noticed a phantom
  4780 | D:4      | Killed a phantom
  4781 | D:4      | Reached XP level 7. HP: 45/62 MP: 7/7
  5112 | D:4      | Found a stormy altar of Qazlal.
  5212 | D:5      | Entered Level 5 of the Dungeon
  5249 | D:5      | Reached skill level 2 in Evocations
  6069 | D:5      | Reached skill level 3 in Evocations
  6207 | D:5      | Found a sparkling altar of Nemelex Xobeh.
  6262 | D:5      | Reached skill level 4 in Evocations
  6262 | D:5      | Reached XP level 8. HP: 55/69 MP: 8/8
  6724 | D:5      | Noticed Sigmund
  6741 | D:5      | Killed Sigmund
  6742 | D:5      | Reached skill level 1 in Shields
  6973 | D:6      | Reached skill level 5 in Evocations
  7090 | D:6      | Found Dios's General Store.
  7106 | D:6      | Found Xomoys Exakh's Assorted Antiques.
  7352 | D:6      | Found Wudaraa's Antique Weapon Boutique.
  8018 | D:6      | Found Teothrecs's Gadget Shop.
  8319 | D:7      | Reached skill level 6 in Evocations
  8319 | D:7      | Reached XP level 9. HP: 68/75 MP: 9/9
  8497 | D:7      | Found a staircase to the Ecumenical Temple.
  8517 | Temple   | Entered the Ecumenical Temple
  8583 | Temple   | Became a worshipper of Gozag Ym Sagoz the Greedy
  8750 | D:6      | Bought a wand of acid (7) for 264 gold pieces
 10044 | D:8      | Found a hazy altar of Hepliaklqana.
 10098 | D:8      | Noticed Maurice
 10108 | D:8      | Paralysed by Maurice for 2 turns
 10113 | D:8      | Paralysed by Maurice for 5 turns
 10114 | D:8      | Killed Maurice
 10115 | D:8      | Reached skill level 7 in Evocations
 10347 | D:8      | Found a glowing golden altar of the Shining One.
 10348 | D:8      | Noticed Pikel
 10371 | D:8      | Killed Pikel
 10593 | D:8      | Reached XP level 10. HP: 80/85 MP: 10/10
 11055 | D:9      | Reached skill level 8 in Evocations
 11088 | D:9      | Found a staircase to the Lair.
 11092 | D:9      | Noticed a two-headed ogre
 11098 | D:9      | Killed a two-headed ogre
 11739 | D:9      | Found a glowing golden altar of the Shining One.
 11793 | D:9      | Found a blossoming altar of Fedhas.
 11806 | D:9      | Reached skill level 5 in Fighting
 12221 | D:10     | Entered Level 10 of the Dungeon
 12306 | D:10     | Reached skill level 9 in Evocations
 12553 | D:6      | Bought a fizzy cyan potion for 16 gold pieces
 12553 | D:6      | Bought a golden potion for 16 gold pieces
 12553 | D:6      | Bought a scroll labelled PUKKI HUBA for 18 gold pieces
 12576 | D:6      | Bought a scroll of identify for 26 gold pieces
 12576 | D:6      | Bought a wand of flame (23) for 162 gold pieces
 13057 | D:10     | Found a runed translucent door.
 13117 | D:10     | Noticed a gargoyle
 13574 | D:10     | Killed a gargoyle
 13575 | D:10     | Reached XP level 11. HP: 58/96 MP: 11/11
 14000 | D:10     | Noticed an eight-headed hydra
 14000 | D:10     | Noticed a stone giant
 14004 | D:10     | Noticed an unseen horror
 14004 | D:10     | a golden eye changed into an unseen horror
 14554 | D:11     | Noticed an unseen horror
 14568 | D:11     | Killed an unseen horror
 14569 | D:11     | Reached skill level 5 in Shields
 14853 | D:11     | Noticed infcreate's ghost (journeyman HuBe)
 14853 | D:11     | Noticed a lich
 14853 | D:11     | Noticed a necromancer
 14854 | D:11     | Noticed a storm dragon
 14854 | D:11     | Noticed an orc warlord
 14889 | D:11     | Noticed a cyclops
 14892 | D:11     | Reached skill level 10 in Evocations
 14954 | D:11     | Found a runed translucent door.
 15392 | D:11     | Found a runed translucent door.
 16654 | D:12     | Noticed a manticore
 16664 | D:12     | Killed a manticore
 17395 | D:12     | Noticed a seven-headed hydra
 17404 | D:12     | Killed a three-headed hydra
 17510 | D:12     | Noticed a cyan ugly thing
 17519 | D:12     | Killed a cyan ugly thing
 17520 | D:12     | Reached XP level 12. HP: 85/106 MP: 12/12
 17613 | D:12     | Reached skill level 10 in Axes
 17729 | D:6      | Bought a +3 scale mail of positive energy for 299 gold
                  | pieces
 18243 | D:12     | Noticed a centaur warrior
 19433 | D:12     | Found a staircase to the Orcish Mines.
 20077 | D:12     | Killed a centaur warrior
 20473 | Orc:1    | Entered Level 1 of the Orcish Mines
 20707 | D:12     | Bought the ring "Udidd" {rC+ EV+4 Str+5 Int-2 Dex+2} for
                  | 907 gold pieces
 20970 | D:13     | Noticed a centaur warrior
 21239 | D:13     | Reached skill level 11 in Evocations
 21262 | D:13     | Noticed a deep elf knight
 21293 | D:13     | Killed a deep elf knight
 21764 | Orc:1    | Found a bloodstained altar of Trog.
 21813 | Orc:1    | Found a roughly hewn altar of Beogh.
 22058 | Orc:2    | Entered Level 2 of the Orcish Mines
 22154 | Orc:2    | Found a staircase to the Elven Halls.
 22836 | Orc:2    | Gained mutation: You can use your snake-like lower body to
                  | constrict enemies. [Naga growth]
 22836 | Orc:2    | Reached XP level 13. HP: 117/117 MP: 13/13
 22940 | Orc:2    | Found Vufic's Distillery.
 23329 | Orc:2    | Paralysed by an orc sorcerer for 6 turns
 23949 | Orc:2    | Found Fole's Armour Emporium.
 23955 | Orc:2    | Bought a potion of heal wounds for 50 gold pieces
 23955 | Orc:2    | Bought a potion of might for 40 gold pieces
 23955 | Orc:2    | Bought a potion of might for 40 gold pieces
 23958 | Orc:2    | Bought a +2 chain mail of fire resistance for 301 gold
                  | pieces
 23968 | Orc:2    | Found Efuazud's Book Emporium.
 23978 | Orc:2    | Found Peveushru's Antique Armour Shop.
 24000 | Orc:2    | Bought a helmet for 108 gold pieces
 24000 | Orc:2    | Bought a pair of encrusted gloves for 228 gold pieces
 24010 | Orc:2    | Identified the +1 pair of gloves of the Assorted Seas
                  | {*Corrode Str+3 Int+7} (You bought it in a shop on level 2
                  | of the Orcish Mines)
 24250 | Lair:1   | Entered Level 1 of the Lair of Beasts
 26908 | Lair:3   | Identified a scroll of acquirement
 26908 | Lair:3   | Acquired 1079 gold pieces
 27134 | Orc:2    | Bought a +1 crystal plate armour for 1218 gold pieces
 27337 | Orc:2    | Found a staircase to the Elven Halls.
 27622 | Orc:2    | Found Vufic's Distillery.
 27627 | Orc:2    | Found Fole's Armour Emporium.
 27634 | Orc:2    | Found Efuazud's Book Emporium.
 27636 | Orc:2    | Found Peveushru's Antique Armour Shop.
 28126 | Lair:3   | Found a staircase to the Snake Pit.
 28240 | Lair:3   | Reached skill level 12 in Evocations
 28361 | Lair:3   | Reached XP level 14. HP: 129/129 MP: 14/14
 28525 | Lair:3   | Found a staircase to the Shoals.
 29116 | Lair:4   | Noticed Josephine
 29130 | Lair:4   | Killed Josephine
 29688 | Lair:4   | Reached skill level 10 in Shields
 30349 | Lair:5   | Found a gate leading to a gauntlet.
 30358 | Gauntlet | Entered a Gauntlet
 30358 | Gauntlet | Found a transporter.
 30371 | Gauntlet | Found a transporter.
 30374 | Gauntlet | Found a transporter.
 30384 | Gauntlet | Found a runed translucent gate.
 30385 | Gauntlet | Found a runed translucent gate.
 30385 | Gauntlet | Found a transporter.
 30388 | Gauntlet | Found a transporter.
 30390 | Gauntlet | Found a runed translucent gate.
 30394 | Gauntlet | Found a runed translucent door.
 30394 | Gauntlet | Found a runed translucent door.
 30401 | Gauntlet | Found a transporter.
 30417 | Gauntlet | Found a transporter.
 30428 | Gauntlet | Found a transporter.
 30436 | Gauntlet | Found a runed translucent door.
 30439 | Gauntlet | Found a transporter.
 30441 | Gauntlet | Found a runed translucent door.
 30458 | Gauntlet | Found a transporter.
 30471 | Gauntlet | Found a transporter.
 30472 | Gauntlet | Found a transporter.
 30632 | Gauntlet | Found a runed translucent door.
 30702 | Gauntlet | Found a transporter.
 30792 | Gauntlet | Found a transporter.
 30816 | Gauntlet | Got a masterwork helmet
 30827 | Gauntlet | Identified the +1 helmet "Xozugrit" {rN++ Dex+3} (You found
                  | it in a Gauntlet)
 30844 | Gauntlet | Identified the +6 longbow of Gozag's Delight {vorpal,
                  | Str+4}
 30844 | Gauntlet | Identified the ring "Liruomef" {*Contam rC+++ Will+ Dex+4
                  | Slay+2}
 30851 | Gauntlet | HP: 5/130 [minotaur/+2 demon trident of electrocution (18)]
 30857 | Gauntlet | HP: 1/130 [minotaur/silver javelin (13)]
 30857 | Gauntlet | Hit by a silver javelin thrown by a minotaur

Illustrated notes

Levels and vault maps discovered:
D:1:      nagdon_arrival_double_spiral, layout_basic, minmay_vboxes
D:2:      minmay_recursive_quarters, layout_loops_ring, minmay_surrounded
D:3:      layout_basic, chequers_temple_overflow_statue_of_worship,
          item_on_display_a
D:4:      layout_basic, lemuel_round_altar, hangedman_abyss_or_decor_stabs,
          grunt_qazlal_clouds
D:5:      layout_basic, basic_altar, uniq_sigmund
D:6:      layout_loops_corners, serial_shops, kennysheep_little_box,
          nicolae_shop_overgrown_old_shop, shop, nicolae_shop_waterfront
D:7:      layout_layer_cave, minmay_temple_entry_statues_fountains
D:8:      layout_basic, nicolae_overflow_hidden_temple,
          overflow_temple_1_default, enter_bailey_6, uniq_pikel, uniq_maurice
D:9:      layout_basic, fedhas_bush_and_centaur_altar, lair_entry_dummy,
          nicolae_tso_besieged_by_evil
D:10:     layout_cave_pools, minivault_13
D:11:     layout_irregular_city, muffindrake_ghost_dual_entry,
          grunt_decor_one_mirror
D:12:     layout_cave_pods, kennysheep_orc_monster_closet_entryway
D:13:     layout_small_grid, hangedman_vaults_entry_quadrant_bands,
          minmay_misc_feat_ornament, chequers_serial_rivers_large_a,
          minmay_increasing_density
Temple:   zaba_magenta_temple
Lair:1:   layout_regular_city, minmay_lair_oklob_items
Lair:2:   kb_forest_paths, layout_cellular_growth, cheibrodos_lair_reptile_den
Lair:3:   layout_hall_layers, minmay_shoals_entry_centaurs,
          minmay_snake_entry_guardpost_small
Lair:4:   layout_gridlike, serial_bayou_shore_a, uniq_josephine
Lair:5:   nzn_motion_control, layout_regular_city, slime_altar_2,
          gauntlet_entry_generic, minmay_lair_oklob_chamber
Orc:1:    layout_diamond_mine, enter_volcano_4, basic_altar, trog_hazing_becter
Orc:2:    st_orc_elflike, layout_caves
Gauntlet: minmay_gauntlet_77_tree [minmay_gauntlet_arena_77_terracotta_army,
          minmay_gauntlet_arena_77_path, minmay_gauntlet_arena_77_run_for_it,
          minmay_gauntlet_arena_77_braids, minmay_gauntlet_arena_77_cramped,
          minmay_gauntlet_arena_77_two_paths,
          minmay_gauntlet_arena_77_shame_cube,
          nicolae_gauntlet_exit_dead_adventurers]

Skill      XL: |  1  2  3  4  5  6  7  8  9 10 11 12 13 14 |
---------------+-------------------------------------------+-----
Armour         | 5 6 7 8 9 |  9.8
Axes           | 3 4 5 6 7 8 9 10 11 | 11.9
Evocations     | 4 6 7 9 10 11 12 | 12.4
Shields        | 2 3 4 5 7 9 10 | 10.3
Fighting       | 4 5 6 8 9 |  9.8
Stealth        | |  1.5

Action                   |  1- 3 |  4- 6 |  7- 9 | 10-12 | 13-15 || total
-------------------------+-------+-------+-------+-------+-------++-------
Melee: Spear             |   188 |       |       |       |       ||   188
       Hand axe          |       |   159 |   305 |    15 |    31 ||   510
       Broad axe         |       |       |    54 |   637 |   400 ||  1091
       Constrict         |       |       |       |       |    87 ||    87
Invok: Call Merchant     |       |       |       |     1 |       ||     1
 Abil: Spit Poison       |     6 |     1 |     4 |     7 |       ||    18
       Evoke Invisibilit |       |       |       |     3 |       ||     3
Evoke: Wand              |       |       |     1 |    11 |     5 ||    17
       Phantom mirror    |       |       |       |     1 |     1 ||     2
       Box of beasts     |       |       |       |       |     1 ||     1
  Use: Potion            |       |       |     1 |     6 |     7 ||    14
       Scroll            |       |       |    15 |    17 |    12 ||    44
 Stab: Distracted        |       |       |       |     4 |     3 ||     7
       Paralysed         |       |       |       |     3 |       ||     3
       Invisible         |       |       |       |     2 |       ||     2
Armor: Scale mail        |    85 |   102 |   199 |   210 |    17 ||   613
       Chain mail        |       |       |       |       |    44 ||    44
       Crystal plate arm |       |       |       |       |   103 ||   103
Dodge: Dodged            |    62 |    70 |    65 |   258 |   152 ||   607
       Repelled          |       |       |       |       |     6 ||     6
Block: Tower shield      |       |       |   217 |   637 |   467 ||  1321
